 Dungeon Crawl Stone Soup version 0.27.0-1-g7a089689b8 (webtiles) character file.

Game seed: 9495127447473567794

2966 nicksoapdish the Destroyer (level 9, -8/51 HPs)
             Began as an Octopode Conjurer on Aug 12, 2021.
             Was an Initiate of Qazlal.
             Mangled by a wight (11 damage)
             ... on level 7 of the Dungeon.
             The game lasted 00:41:40 (10330 turns).

nicksoapdish the Destroyer (Octopode Conjurer)     Turns: 10330, Time: 00:41:40

Health: -8/51      AC:  1    Str: 13    XL:     9   Next: 82%
Magic:  12/18      EV: 14    Int: 23    God:    Qazlal [......]
Gold:   321        SH:  0    Dex: 22    Spells: 0/20 levels left

rFire    + . .     SeeInvis .   a - +1 dagger (venom)
rCold    . . .     Faith    .   (no shield)
rNeg     + . .     Spirit   .   (helmet restricted)
rPois    .         Reflect  .   s - amulet of magic regeneration
rElec    .         Harm     .   d - +6 ring of strength
rCorr    +         Rampage  .   f - ring of protection from fire
Will     +....                  o - ring "Zonywnu" {+Blink rN+ Will+ Dex+6}
Stlth    ++++......             u - ring of resist corrosion
HPRegen  0.17/turn              x - +6 ring of dexterity
MPRegen  0.41/turn              (no ring)
                                (no ring)
                                (no ring)

@: lethally poisoned (-8 -> -9), about to teleport, slowed, very slow
A: almost no armour, amphibious, 8 rings, camouflage 1, gelatinous body 1,
(nimble swimmer 1), tentacles
a: Renounce Religion, Evoke Blink


You were on level 7 of the Dungeon.
You worshipped Qazlal.
Qazlal was noncommittal.
You visited 2 branches of the dungeon, and saw 8 of its levels.

You collected 321 gold pieces.

Inventory:

Hand Weapons
 a - a +1 dagger of venom (weapon)
Missiles
 l - 29 poisoned darts
Jewellery
 d - a +6 ring of strength (left tentacle)
 f - a ring of protection from fire (right tentacle)
 i - an amulet of regeneration
 j - an amulet of reflection
 o - the ring "Zonywnu" (on tentacle) {+Blink rN+ Will+ Dex+6}
   (You acquired it on level 4 of the Dungeon)

   [ring of dexterity]

   Dex:       It affects your dexterity (+6).
   rN:        It protects you from negative energy.
   +Blink:    It lets you blink.
   Will:      It increases your willpower.
 s - an amulet of magic regeneration (around mantle)
 u - a ring of resist corrosion (on tentacle)
 x - a +6 ring of dexterity (on tentacle)
Wands
 m - a wand of flame (40)
 q - a wand of charming (12)
Scrolls
 c - 2 scrolls of immolation
 e - 4 scrolls of enchant armour
 h - 2 scrolls of amnesia
 r - a scroll of vulnerability {unknown}
 t - a scroll of magic mapping {unknown}
 v - a scroll of identify
 w - a scroll of fog {unknown}
Potions
 b - a potion of brilliance
 g - a potion of might
 k - a potion of mutation
 n - 2 potions of curing


   Skills:
 - Level 2.0 Dodging
 - Level 4.0 Stealth
 + Level 6.4 Spellcasting
 * Level 8.0 Conjurations
 * Level 5.0 Hexes
 * Level 5.6 Summonings
 * Level 4.4 Evocations


You couldn't memorise any spells.
You knew the following spells:

 Your Spells              Type           Power      Damage    Failure   Level
a - Magic Dart            Conj           100%       1d8       1%          1
b - Searing Ray           Conj           88%        3d6       1%          2
c - Summon Small Mammal   Summ           100%       N/A       1%          1
d - Dazzling Flash        Conj/Hex       74%        N/A       1%          3
e - Fulminant Prism       Conj/Hex       18%        3d11      5%          4
f - Passwall              Tmut/Erth      5%         N/A       12%         2
g - Summon Guardian Gole  Hex/Summ       31%        N/A       2%          3
h - Iskenderun's Mystic   Conj/Tloc      26%        2d7       16%         4

Your spell library contained the following spells:

 Spells                   Type           Power      Damage    Failure   Level
 Call Canine Familiar     Summ           33%        N/A       2%          3
 Freeze                   Ice            28%        1d5       9%          1
 Sandblast                Erth           14%        2d6       9%          1
 Hailstorm                Conj/Ice       26%        3d7       16%         4
 Frozen Ramparts          Ice            14%        1d3       24%         3
 Lee's Rapid Deconstruct  Erth           3%         3d6*      92%         5


Dungeon Overview and Level Annotations

Branches:
Dungeon (7/15)             Temple (1/1) D:6

Altars:
Ashenzari
Cheibriados
Dithmenos
Elyvilon
Fedhas
Gozag
Hepliaklqana
Kikubaaqudgha
Makhleb
Nemelex Xobeh
Qazlal
Sif Muna
Uskayaw
Vehumet
Xom
Zin
The Shining One

Annotations:
D:1 exclusion: door


Innate Abilities, Weirdness & Mutations

You cannot wear most types of armour.
You are amphibious.
You can wear up to eight rings at the same time.
Your skin changes colour to match your surroundings (Stealth+).
Your rubbery body absorbs attacks. (AC +1, EV +1)
((You are camouflaged near water. (Stealth+)))
You have tentacles for arms and can constrict up to eight enemies at once.


Message History

Your quokka dies!
Your quokka's corpse disappears in a puff of smoke!
Something closely misses your quokka.
Your quokka bites the hornet but does no damage.
The wight hits your quokka with a +0 short sword!
Your quokka dies!
Your quokka's corpse disappears in a puff of smoke!
Casting: Summon Small Mammal (safe; 1% risk of failure)
Confirm with . or Enter, or press ? or * to list all spells.
The hornet closely misses you.
A wight comes into view. It is wielding a +0 halberd.
The hornet completely misses you.
The wight moves out of view.
You swap places.
The hornet stings your quokka.
Your quokka is poisoned.
Your quokka suddenly stops moving!
Your quokka dies!
Your quokka's corpse disappears in a puff of smoke!
Casting: Summon Small Mammal (safe; 1% risk of failure)
Confirm with . or Enter, or press ? or * to list all spells.
The hornet stings you!
You are poisoned.
You feel yourself slow down.
You swap places.
You feel very sick. The hornet stings your quokka!
Your quokka dies!
Your quokka's corpse disappears in a puff of smoke!
You feel yourself speed up.
You feel sick. The hornet stings you!
You suddenly lose the ability to move!
You feel sick. The hornet stings you!
You feel yourself slow down. The hornet stings you!
* * * LOW HITPOINT WARNING * * *
You feel as though you will be slow longer.
You can move again.
You blink. 2 wights come into view.
You feel sick.
The wight barely misses you. x2; The wight closely misses you.
As you read the scroll of teleportation, it crumbles to dust.
You feel strangely unstable.
You feel sick.
The wight hits you with a +0 short sword!
You die...

### # ###.## #####
###....####################....
#........zz.z.@zy.ยง............
..###.z#################.......
#...# #######. #..## ## ##..#
#...# #.z## ##..# #..##


You could see a hornet and 4 wights.

Vanquished Creatures
  Pikel (D:6)
  Grinder (D:4)
  An acid dragon (D:6)
  A water moccasin (D:6)
  A black bear (D:5)
  3 sky beasts (D:6)
  An ice beast (D:5)
  An ogre (D:5)
  A phantom (D:6)
  2 lemures (D:6)
  2 bullfrogs
  A kobold brigand (D:6)
  A gnoll sergeant (D:6)
  2 scorpions (D:5)
  A water moccasin zombie (D:6)
  6 wights
  3 jellies
  2 centaur zombies
  A bullfrog zombie (D:5)
  A centaur skeleton (D:7)
  3 hounds
  An orc priest (D:3)
  Crazy Yiuf (D:4)
  Terence (D:2)
  4 iguanas
  An orc wizard (D:3)
  A hound zombie (D:5)
  A hound skeleton (D:5)
  6 adders
  8 gnolls
  A shadow imp (D:6)
  A white imp (D:6)
  An ufetubus (D:6)
  4 worms
  2 dart slugs
  9 orcs
  8 endoplasms
  9 giant cockroaches
  6 hobgoblins
  9 jackals
  11 kobolds
  2 quokkas
  5 ball pythons
  3 bats (D:1)
  2 goblins
  9 rats
  2 fulminant prisms
144 creatures vanquished.

Vanquished Creatures (collateral kills)
  A lemure (D:6)
  A scorpion (D:6)
  A goblin (D:2)
3 creatures vanquished.

Vanquished Creatures (others)
  46 fulminant prisms
46 creatures vanquished.

Grand Total: 193 creatures vanquished

Notes
Turn   | Place    | Note
-------+----------+-------------------------------------------
     0 | D:1      | nicksoapdish the Octopode Conjurer began the quest for the
                  | Orb.
     0 | D:1      | Reached XP level 1. HP: 11/11 MP: 3/3
     1 | D:1      | Found a runed translucent door.
     3 | D:1      | Noticed a jelly
   276 | D:1      | Reached XP level 2. HP: 17/17 MP: 3/5
   279 | D:1      | Learned a level 2 spell: Searing Ray
   281 | D:1      | Learned a level 1 spell: Summon Small Mammal
   846 | D:1      | Found a faded altar of an unknown god.
   939 | D:1      | Reached XP level 3. HP: 21/21 MP: 2/6
  1595 | D:1      | HP: 1/21 [jackal (1)]
  1938 | D:1      | Reached skill level 1 in Summonings
  1938 | D:1      | Reached XP level 4. HP: 27/27 MP: 2/7
  2248 | D:2      | Noticed Terence
  2671 | D:2      | Learned a level 3 spell: Dazzling Flash
  2698 | D:2      | Reached skill level 5 in Conjurations
  2813 | D:2      | Reached XP level 5. HP: 31/31 MP: 5/9
  2892 | D:2      | Killed Terence
  3139 | D:3      | Found a hide-covered altar of Uskayaw.
  3139 | D:3      | Noticed a +0 hand axe
  3139 | D:3      | Noticed a +0 dagger
  3330 | D:3      | Reached skill level 1 in Hexes
  3456 | D:3      | Found a white marble altar of Elyvilon.
  3459 | D:3      | Reached XP level 6. HP: 36/36 MP: 6/10
  3538 | D:3      | Found a sparkling altar of Nemelex Xobeh.
  4565 | D:4      | Identified a scroll of acquirement
  4566 | D:4      | Acquired the ring "Zonywnu" {+Blink rN+ Will+ Dex+6}
  4906 | D:4      | Noticed Grinder
  4986 | D:4      | Killed Grinder
  4987 | D:4      | Reached skill level 1 in Evocations
  4987 | D:4      | Reached XP level 7. HP: 30/41 MP: 2/12
  5087 | D:4      | Found a runed translucent door.
  5088 | D:4      | Noticed Crazy Yiuf
  5100 | D:4      | Learned a level 4 spell: Fulminant Prism
  5141 | D:4      | Killed Crazy Yiuf
  5758 | D:5      | Entered Level 5 of the Dungeon
  6075 | D:5      | Reached skill level 6 in Conjurations
  6117 | D:5      | Reached XP level 8. HP: 46/46 MP: 8/14
  6353 | D:5      | Learned a level 2 spell: Passwall
  6357 | D:5      | Learned a level 3 spell: Summon Guardian Golem
  6951 | D:5      | Reached skill level 5 in Spellcasting
  7935 | D:6      | Reached skill level 7 in Conjurations
  8149 | D:6      | Found an opulent altar of Gozag.
  8186 | D:6      | Reached XP level 9. HP: 51/51 MP: 3/17
  8593 | D:6      | Found a staircase to the Ecumenical Temple.
  8620 | D:6      | Reached skill level 5 in Summonings
  9168 | D:6      | Found a radiant altar of Vehumet.
  9235 | D:6      | Found a glowing golden altar of the Shining One.
  9432 | Temple   | Entered the Ecumenical Temple
  9500 | Temple   | Became a worshipper of Qazlal Stormbringer
  9682 | D:7      | Noticed Pikel
  9940 | D:6      | Killed Pikel
 10202 | D:7      | Reached skill level 8 in Conjurations
 10296 | D:7      | Reached skill level 5 in Hexes
 10301 | D:7      | Learned a level 4 spell: Iskenderun's Mystic Blast
 10301 | D:7      | Noticed a hornet
 10327 | D:7      | Paralysed by a hornet for 2 turns
 10330 | D:7      | Mangled by a wight

Illustrated notes

Levels and vault maps discovered:
D:1:      dpeg_arrival_caged_fury, layout_basic,
          hellmonk_ecumenical_altar_blasted, moated_statue, st_stairs_1,
          minmay_unequal
D:2:      layout_basic, uniq_terence
D:3:      minmay_wonky_spiral, layout_loops_cross, mainiacjoe_overflow_paths,
          dancing_weapons_uskayaw, nemelex_spade_bored_becter
D:4:      layout_gridville, minivault_24, uniq_grinder, uniq_crazy_yiuf_cottage
D:5:      layout_loops_ring, kennysheep_cross_room
D:6:      layout_basic, mainiacjoe_overflow_catwalk,
          nicolae_tso_carved_into_rock, grunt_gozag_statues,
          minmay_temple_entry_sparse_star, minmay_misc_feat_chi
D:7:      layout_cave_pods, grunt_ministairs_5, minmay_misc_feat_square,
          uniq_pikel
Temple:   minmay_temple_curvy_loop

Skill      XL: |  1  2  3  4  5  6  7  8  9 |
---------------+----------------------------+-----
Stealth        | 3 4 |  4.0
Summonings     | 1 2 3 4 5 |  5.6
Conjurations   | 5 6 7 8 |  8.0
Spellcasting   | 3 4 5 6 |  6.4
Hexes          | 1 2 3 5 |  5.0
Evocations     | 1 2 3 4 |  4.4
Dodging        | |  2.0

Action                   |  1- 3 |  4- 6 |  7- 9 || total
-------------------------+-------+-------+-------++-------
Melee: Unarmed           |    17 |     1 |       ||    18
       Constrict         |     4 |     1 |       ||     5
       Tentacles         |     3 |       |       ||     3
       Dagger            |       |       |     1 ||     1
 Cast: Magic Dart        |    42 |    70 |    47 ||   159
       Searing Ray       |     7 |    20 |    39 ||    66
       Summon Small Mamm |     1 |    23 |    38 ||    62
       Fulminant Prism   |       |       |    48 ||    48
       Summon Guardian G |       |       |     1 ||     1
 Abil: Evoke Blink       |       |       |     4 ||     4
  Use: Scroll            |     3 |     6 |     4 ||    13
       Potion            |     2 |       |       ||     2
Armor: Skin              |     5 |       |     2 ||     7
Dodge: Dodged            |    29 |    11 |    35 ||    75
